 Dungeon Crawl Stone Soup version 0.29.1-15-g9cfb28693d (webtiles) character file.

Game seed: 657286204239598276

320 Alturiack the Vexing (level 6, -3/29 HPs)
             Began as a Spriggan Arcane Marksman on Apr 11, 2023.
             Shot with an arrow by a centaur (8 damage)
             ... on level 5 of the Dungeon.
             The game lasted 00:12:19 (3378 turns).

Alturiack the Vexing (Spriggan Arcane Marksman)     Turns: 3378, Time: 00:12:20

Health: -3/29      AC:  7    Str:  6    XL:     6   Next: 22%
Magic:  12/12      EV: 18    Int: 14    God:
Gold:   125        SH:  0    Dex: 24    Spells: 8/12 levels left

rFire   . . .      SeeInvis +   q - +1 sling (freeze)
rCold   . . .      Faith    .   (no shield)
rNeg    . . .      Spirit   .   c - +0 robe
rPois   .          Reflect  .   (helmet restricted)
rElec   .          Harm     .   x - +0 cloak
rCorr   .          Rampage  .   (gloves unavailable)
Will    +....                   (boots unavailable)
Stlth   ++........              (no amulet)
HPRegen 0.09/turn               e - +4 ring of protection
MPRegen 0.13/turn               l - +6 ring of dexterity

@: very quick
A: very small, no large weapons, unfitting armour, see invisible, speed 3
a: no special abilities


You were on level 5 of the Dungeon.
You visited 1 branch of the dungeon, and saw 5 of its levels.

You collected 125 gold pieces.

Inventory:

Hand Weapons
 a - a +1 sling
 q - a +1 sling of freezing (weapon)
Armour
 c - a +0 robe (worn)
 x - a +0 cloak (worn)
Jewellery
 e - a +4 ring of protection (left hand)
 f - a +6 ring of strength
 l - a +6 ring of dexterity (right hand)
 u - a ring of willpower
Wands
 s - a wand of flame (17)
 w - a wand of roots (6)
Scrolls
 b - a scroll of poison
 d - 2 scrolls of teleportation {unknown}
 g - 3 scrolls of brand weapon {unknown}
 j - a scroll of enchant armour {unknown}
 p - 2 scrolls of blinking {unknown}
 r - a scroll of amnesia {unknown}
 v - a scroll of identify {unknown}
Potions
 h - 2 potions of haste {unknown}
 i - 2 potions of lignification {unknown}
 k - 5 potions of heal wounds {unknown}
 m - 3 potions of mutation {unknown}
 n - a potion of flight {unknown}
 o - a potion of might {unknown}
 t - 3 potions of curing {unknown}


   Skills:
 - Level 0.7 Fighting
 + Level 4.7 Ranged Weapons
 - Level 2.6 Dodging
 + Level 3.9 Spellcasting
 + Level 5.2 Hexes
 + Level 1.3 Evocations


You had 8 spell levels left.
You knew the following spells:

 Your Spells              Type           Power      Damage    Failure   Level
a - Slow                  Hex            68%        N/A       2%          1
b - Inner Flame           Hex/Fire       10%        N/A       21%         3

Your spell library contained the following spells:

 Spells                   Type           Power      Damage    Failure   Level
 Portal Projectile        Hex/Tloc       20%        N/A       21%         3
 Cause Fear               Hex            8%         N/A       22%         4
 Gell's Gravitas          Tloc           2%         N/A       52%         3
 Lesser Beckoning         Tloc           2%         N/A       52%         3
 Teleport Other           Tloc           2%         N/A       52%         3


Dungeon Overview and Level Annotations

Branches:
Dungeon (4/15)
 Temple: D:4-7

Altars:
Fedhas
Kikubaaqudgha
Uskayaw

Shops:
D:1 *


Innate Abilities, Weirdness & Mutations

You are very small and have problems with some larger weapons.
You are too small for most types of armour.
You have supernaturally acute eyesight. (SInv)
You cover ground extremely quickly. (Speed+++)


Message History

You shoot a sling bullet. The sling bullet hits the adder.
The adder seems to slow down.
The sling bullet freezes the adder.
The adder is almost dead.
You see here an iguana corpse.
Casting: Slow (safe; 2% risk of failure)
Confirm with . or Enter, or press ? or * to list all spells.
Aiming: Slow (safe; 2% risk of failure)
Press: ? - help, Shift-Dir - straight line, f/p - adder
Aim: an adder (almost dead, slow, chance to affect: 65%)
The adder seems to slow down.
You shoot a sling bullet.
The sling bullet barely misses the adder.
You shoot a sling bullet. The sling bullet hits the adder.
The sling bullet freezes the adder.
You kill the adder!
No target in view!
No target in view!
You see here an iguana corpse.
You open the door.
An iguana, an adder and a centaur come into view.
The iguana hisses angrily.
The adder hisses angrily.
Found 9 gold pieces.
You shoot a sling bullet.
The sling bullet hits the iguana but does no damage.
The iguana bites you!
Found 10 gold pieces.
You see here a +0 spear.
The centaur hits you but does no damage.
The centaur kicks you but does no damage.
The centaur wields a +2 shortbow of flaming.
It bursts into flame!
The centaur shoots an arrow.
The arrow barely misses you.
The centaur shoots an arrow.
The arrow closely misses you.
The centaur shoots an arrow.
The arrow hits you. The arrow burns you.
The centaur shoots an arrow.
The arrow barely misses you.
The centaur shoots an arrow.
The arrow hits you.
* * * LOW HITPOINT WARNING * * *
The arrow burns you.
* * * LOW HITPOINT WARNING * * *
The centaur shoots an arrow.
The arrow hits you!
You die...

#....###...###...## #
#........8..†.....## #
##...###)..###.....# ##
#..##.'#.#'.##..#.# ##.
#.##...#.#...##.#.# ##..
#.#...##.##...#.#.###########...
#.#$.##...##.$#.................
#.####...c.####.#######.........
#....†.........@######......<..#
###..........#####..............
####........## #..............
.........†.## #..............
.#####.....## ##.............
###.#..# ##............
###..#########...........
#...)..)).†............
##......)...........÷..


You could see a centaur.

Vanquished Creatures
  A black bear (D:5)
  Crazy Yiuf (D:3)
  2 iguanas (D:5)
  Robin (D:3)
  2 gnolls
  3 adders (D:5)
  3 worms
  6 orcs
  5 ball pythons
  5 endoplasms
  4 giant cockroaches
  14 goblins
  9 hobgoblins
  4 quokkas
  7 bats
  3 frilled lizards
  3 kobolds
  8 rats
81 creatures vanquished.

Vanquished Creatures (others)
  A goblin (D:3)
  4 plants
  2 withered plants (D:3)
7 creatures vanquished.

Grand Total: 88 creatures vanquished

Notes
Turn   | Place    | Note
-------+----------+-------------------------------------------
     0 | D:1      | Alturiack the Spriggan Arcane Marksman began the quest for
                  | the Orb.
     0 | D:1      | Reached XP level 1. HP: 9/9 MP: 3/3
   215 | D:1      | Found Isepropti's Assorted Antiques.
   239 | D:1      | Reached XP level 2. HP: 14/14 MP: 2/5
   599 | D:1      | Reached skill level 4 in Hexes
   689 | D:1      | Reached XP level 3. HP: 17/17 MP: 5/7
  1303 | D:2      | Found a hide-covered altar of Uskayaw.
  1392 | D:2      | Found a faded altar of an unknown god.
  1940 | D:3      | Reached XP level 4. HP: 17/21 MP: 8/8
  1944 | D:3      | Noticed Robin
  1951 | D:3      | Killed Robin
  2155 | D:3      | Found a blossoming altar of Fedhas.
  2155 | D:3      | Found an ancient bone altar of Kikubaaqudgha.
  2390 | D:3      | Found a runed translucent door.
  2391 | D:3      | Noticed Crazy Yiuf
  2778 | D:3      | Killed Crazy Yiuf
  2890 | D:4      | Noticed a necrophage
  2890 | D:4      | You fall into a shaft and drop 1 floor!
  2890 | D:5      | Entered Level 5 of the Dungeon
  2993 | D:5      | Reached XP level 5. HP: 25/25 MP: 10/10
  2993 | D:5      | Noticed a black bear
  3016 | D:5      | Killed a black bear
  3017 | D:5      | Reached skill level 5 in Hexes
  3115 | D:5      | Learned a level 3 spell: Inner Flame
  3234 | D:5      | Reached XP level 6. HP: 29/29 MP: 12/12
  3276 | D:5      | Reached skill level 1 in Evocations
  3378 | D:5      | Shot with an arrow by a centaur

Illustrated notes

Levels and vault maps discovered:
D:1:      sevenhm_arrival_forest_fort_small_4, layout_loops_corners,
          serial_shops, shop_statue
D:2:      layout_loops_cross, basic_altar,
          shapermc_ecumenical_altar_mp_highgroup
D:3:      layout_loops_ring, grunt_temple_overflow_growth_and_decay, uniq_robin,
          uniq_crazy_yiuf_cottage
D:4:      gammafunk_steamed_eel, layout_rooms, uniq_duvessa
D:5:      cheibrodos_barr_body, layout_cave_pods

Skill      XL: |  1  2  3  4  5  6 |
---------------+-------------------+-----
Spellcasting   | 2 3 |  3.9
Hexes          | 4 5 |  5.2
Ranged Weapons | 3 4 |  4.7
Evocations     | 1 |  1.3
Fighting       | |  0.7
Dodging        | |  2.6

Action                   |  1- 3 |  4- 6 || total
-------------------------+-------+-------++-------
 Fire: Sling             |   149 |    98 ||   247
 Cast: Slow              |    19 |     8 ||    27
Armor: Robe              |    12 |     8 ||    20
Dodge: Dodged            |    53 |    24 ||    77
